 Dungeon Crawl Stone Soup version 0.31-a0-150-g89dc3ad700 (webtiles) character file.

Game seed: 8361245132764570468

417 qw the Skirmisher (level 6, 0/52 HPs)
             Began as a Minotaur Hunter on June 8, 2023.
             Slain by a jelly (3 damage)
             ... on level 4 of the Dungeon.
             The game lasted 00:01:09 (2514 turns).

qw the Skirmisher (Minotaur Hunter)                 Turns: 2514, Time: 00:01:10

Health: 0/52       AC: -2    Str: 21    XL:     6   Next: 61%
Magic:  5/5        EV: 11    Int:  6    God:
Gold:   152        SH:  0    Dex: 16    Spells: 5/5 levels left

rFire   . . .        Y - +0 shortbow
rCold   . . .        (shield currently unavailable)
rNeg    . . .        h - +0 ring mail
rPois   .            (helmet restricted)
rElec   .            (no cloak)
rCorr   .            (no gloves)
SInv    +            (no boots)
Will    .....        (no amulet)
Stlth   +            j - +6 ring of strength
HPRegen 0.28/turn    e - ring of see invisible
MPRegen 0.09/turn

%: no passive effects
@: about to teleport, corroded
A: horns 2, retaliatory headbutt
a: no special abilities


You were on level 4 of the Dungeon.
You visited 1 branch of the dungeon, and saw 4 of its levels.
You also visited: Sewer.

You collected 152 gold pieces.


Innate Abilities, Weirdness & Mutations

You have a pair of horns on your head.
You reflexively headbutt those who attack you in melee.


   Skills:
 + Level 4.2 Fighting
 - Level 8.0 Ranged Weapons
 - Level 1.2 Armour
 - Level 2.1 Dodging
 - Level 0.7 Stealth


You had 5 spell levels left.
You didn't know any spells.
Your spell library was empty.

Inventory:

Hand Weapons
 Y - a +0 shortbow (weapon)
Armour
 h - a +0 ring mail (worn)
 n - a +0 pair of gloves
Jewellery
 e - a ring of see invisible (right hand)
 j - a +6 ring of strength (left hand)
Scrolls
 b - 2 scrolls of teleportation
 m - 3 scrolls of magic mapping {unknown}
Potions
 a - a potion of lignification {unknown}
 c - a potion of mutation {unknown}
 d - a potion of invisibility {unknown}
 f - a potion of ambrosia {unknown}
 g - a potion of cancellation
 i - a potion of curing {unknown}
 k - a potion of brilliance {unknown}
 l - a potion of attraction {unknown}
 o - a potion of heal wounds {unknown}

Dungeon Overview and Level Annotations

Branches:
Dungeon (4/15)              Sewer (visited)
 Temple: D:4-7

Altars:
Nemelex Xobeh


Message History

You shoot an arrow. The arrow hits the hound.
The hound is heavily wounded.
The hound bites you but does no damage. The hound barely misses you.
You shoot an arrow. The arrow completely misses the hound.
The hound bites you but does no damage. The hound closely misses you.
You furiously retaliate!
You headbutt the hound. You shoot an arrow. The arrow closely misses the hound.
The hound bites you.
You shoot an arrow.
The arrow hits the hound but does no damage.
The hound is heavily wounded.
The hound misses you. The hound completely misses you. You furiously retaliate!
You headbutt the hound!
You kill the hound!
Your Ranged Weapons skill increases to level 8!
You shoot an arrow. The arrow hits the jelly.
The jelly is lightly wounded.
The jelly hits you but does no damage.
You shoot an arrow. The arrow hits the jelly!
The jelly is heavily wounded.
The jelly hits you. The acid corrodes you!
You are splashed with acid!
You shoot an arrow. The arrow hits the jelly.
The jelly is heavily wounded.
The jelly hits you.
You are splashed with acid.
The jelly hits you but does no damage.
You shoot an arrow. The arrow barely misses the jelly.
The jelly hits you. The acid corrodes you!
You are splashed with acid!
You shoot an arrow.
The arrow hits the jelly but does no damage.
The jelly is heavily wounded.
The jelly hits you.
You are splashed with acid!
2513 ||| READING 3 scrolls of teleportation.
As you read the scroll of teleportation, it crumbles to dust.
You feel strangely unstable. The jelly hits you.
You are splashed with acid.
You shoot an arrow.
The arrow hits the jelly but does no damage.
The jelly is heavily wounded.
The jelly hits you.
You die...

#..###
####...##
#.......##
#.....#..## #
#.....##.[##
#
#.....###..##
# #.....#
##..#######
#.###.....#
##........
#....%@...#
#####....
#####J#####
#.... #.
#.... #.
##.## .. #..#
.. ##.# .!.
#.. ... ### #


You could see a jelly.

Vanquished Creatures
  Pargi (Sewer)
  A scorpion (D:4)
  A gnoll bouda (D:3)
  A hound (D:4)
  A jelly (D:4)
  6 gnolls
  2 adders
  3 worms (D:2)
  4 dart slugs
  5 ball pythons
  4 bats
  7 endoplasms
  9 giant cockroaches
  9 goblins
  10 hobgoblins
  5 jackals
  5 quokkas
  2 frilled lizards
  5 kobolds
  5 rats
86 creatures vanquished.

Notes
Turn   | Place    | Note
-------+----------+-------------------------------------------
     0 | D:1      | qw the Minotaur Hunter began the quest for the Orb.
     0 | D:1      | Reached XP level 1. HP: 18/18 MP: 0/0
     0 | D:1      | 0 ||| qw: Version: 0.2-a-119-g7aa9181
     0 | D:1      | 0 ||| qw: Game counter: 2937
     0 | D:1      | 0 ||| qw: Always use a shield: true
     0 | D:1      | 0 ||| qw: God list: Okawaru
     0 | D:1      | 0 ||| qw: Allow faded altars: false
     0 | D:1      | 0 ||| qw: Do Orc after D:15 true
     0 | D:1      | 0 ||| qw: Do second Lair branch before Depths: true
     0 | D:1      | 0 ||| qw: Lair rune preference: random
     0 | D:1      | 0 ||| qw: Plans: Normal
     0 | D:1      | 0 ||| PLANNING D:1-11
   112 | D:1      | Reached XP level 2. HP: 18/25 MP: 1/1
   114 | D:1      | Reached skill level 5 in Ranged Weapons
   207 | D:1      | Reached skill level 3 in Fighting
   312 | D:1      | Reached XP level 3. HP: 31/31 MP: 2/2
   628 | D:1      | 628 ||| UPGRADING to +0 ring mail.
   638 | D:1      | 638 ||| DROPPING +0 leather armour.
   639 | D:1      | 639 ||| UPGRADING to +6 ring of strength.
   640 | D:1      | 640 ||| READING scroll labelled LYCIODAETH.
   641 | D:1      | 641 ||| READING scroll labelled JIMINOR HIQAHUNK.
   645 | D:1      | 645 ||| READING scroll labelled VABRIA ZIRI.
   646 | D:1      | 646 ||| READING scroll labelled MILOCU OMPOMEF.
   647 | D:1      | 647 ||| DROPPING scroll of butterflies.
   759 | D:2      | Reached skill level 1 in Armour
   906 | D:2      | Reached XP level 4. HP: 38/38 MP: 3/3
   967 | D:2      | Reached skill level 6 in Ranged Weapons
  1089 | D:2      | Found a sparkling altar of Nemelex Xobeh.
  1361 | D:2      | 1361 ||| DROPPING +6 ring of intelligence.
  1362 | D:2      | 1362 ||| UPGRADING to ring of see invisible.
  1363 | D:2      | 1363 ||| DROPPING ring of magical power.
  1364 | D:2      | 1364 ||| DRINKING 2 smoky white potions.
  1368 | D:3      | 1368 ||| PLANNING SEWER
  1427 | D:3      | Reached XP level 5. HP: 46/46 MP: 4/4
  1938 | D:3      | 1938 ||| Stepping ~*~*~tactically~*~*~ (water).
  1942 | D:3      | Found a glowing drain.
  1949 | D:3      | 1949 ||| READING scroll labelled COATUTUKAU.
  1950 | D:3      | 1950 ||| READING scroll labelled ENIGUD XEEPS.
  1960 | Sewer    | Entered a sewer
  2007 | Sewer    | Noticed Pargi
  2015 | Sewer    | Killed Pargi
  2016 | Sewer    | Reached skill level 7 in Ranged Weapons
  2016 | Sewer    | Reached XP level 6. HP: 44/52 MP: 5/5
  2147 | Sewer    | 2147 ||| READING 3 scrolls labelled USTREVV PIFUPE.
  2148 | Sewer    | 2148 ||| DROPPING 2 scrolls of fear.
  2163 | D:3      | 2163 ||| PLANNING D:1-11
  2227 | D:3      | 2227 ||| READING scroll labelled YCAJIA BYKIODAW.
  2508 | D:4      | Reached skill level 8 in Ranged Weapons
  2512 | D:4      | HP: 12/52 [acid (9)]
  2513 | D:4      | 2513 ||| READING 3 scrolls of teleportation.
  2513 | D:4      | HP: 3/52 [acid (6)]
  2514 | D:4      | Slain by a jelly

Levels and vault maps discovered:
D:1:      co_arrival_square_in_a_square_in_a_square, layout_basic
D:2:      layout_basic, basic_altar
D:3:      layout_loops_ring, gup_sewer_entry_pipe
D:4:      layout_basic

Skill      XL: |  1  2  3  4  5  6 |
---------------+-------------------+-----
Ranged Weapons | 5 6 7 8 |  8.0
Fighting       | 3 4 |  4.2
Armour         | 1 |  1.2
Dodging        | |  2.1
Stealth        | |  0.7

Action                     |  1- 3 |  4- 6 || total
---------------------------+-------+-------++-------
   Fire: Shortbow          |   127 |   156 ||   283
    Use: Scroll            |     4 |     5 ||     9
         Potion            |       |     1 ||     1
 Armour: Leather armour    |     7 |       ||     7
         Ring mail         |     1 |    23 ||    24
  Dodge: Dodged            |    36 |    43 ||    79

Table legend:
 A = Non-vault XP
 B = Vault XP
 C = Vault XP percentage of total XP
 D = Non-vault monster count
 E = Vault monster count
 F = Vault count percentage of total count
                 A         B        C        D         E       F
            +---------+---------+-------+---------+---------+-------
      Total |     435 |     161 |  27.0 |      71 |      15 |  17.4
            +---------+---------+-------+---------+---------+-------
        D:1 |      65 |       0 |   0.0 |      34 |       0 |   0.0
        D:2 |      96 |       0 |   0.0 |      21 |       0 |   0.0
        D:3 |      93 |      16 |  14.7 |       8 |       8 |  50.0
        D:4 |     181 |       0 |   0.0 |       8 |       0 |   0.0
      Sewer |       0 |     145 | 100.0 |       0 |       7 | 100.0
            +---------+---------+-------+---------+---------+-------
